 Dungeon Crawl Stone Soup version 0.31.0-12-g77e489cdc1 (webtiles) character file.

Game seed: 14462395754279350120

90 hawla the Shield-Bearer (level 4, -1/39 HPs)
             Began as a Minotaur Fighter on Mar 5, 2024.
             Slain by an ice beast (11 damage)
             ... on level 3 of the Dungeon.
             The game lasted 00:02:46 (1766 turns).

hawla the Shield-Bearer (Minotaur Fighter)          Turns: 1766, Time: 00:02:47

Health: -1/39      AC:  6    Str: 29    XL:     4   Next: 32%
Magic:  3/3        EV:  9    Int:  5    God:
Gold:   102        SH:  4    Dex:  9    Spells: 3/3 levels left

rFire   . . .        a - +0 war axe
rCold   . . .        c - +0 buckler
rNeg    . . .        b - +0 scale mail
rPois   .            (helmet restricted)
rElec   .            (no cloak)
rCorr   .            (no gloves)
SInv    .            (no boots)
Will    .....        (no amulet) Stlth
                     p - +6 ring of strength
HPRegen 0.26/turn    (no ring)
MPRegen 0.08/turn

%: no passive effects
@: no status effects
A: horns 2, retaliatory headbutt
a: no special abilities


You were on level 3 of the Dungeon.
You visited 1 branch of the dungeon, and saw 3 of its levels.

You collected 102 gold pieces.

Inventory:

Hand Weapons
 a - a +0 war axe (weapon)
Armour
 b - a +0 scale mail (worn)
 c - a +0 buckler (worn)
Jewellery
 p - a +6 ring of strength (left hand)
Scrolls
 e - a scroll of silence
 i - a scroll of torment {unknown}
 j - a scroll of enchant weapon
 k - a scroll of teleportation {unknown}
 l - a scroll of blinking {unknown}
 m - a scroll of amnesia {unknown}
 n - a scroll of fog {unknown}
 o - a scroll of vulnerability {unknown}
 r - a scroll of fear {unknown}
Potions
 d - 4 potions of might
 f - a potion of curing {unknown}
 g - 2 potions of brilliance {unknown}
 h - 2 potions of haste {unknown}
 q - a potion of mutation {unknown}


   Skills:
 - Level 3.6 Fighting
 + Level 4.4 Axes
 - Level 3.6 Armour
 - Level 5.0 Shields


You had 3 spell levels left.
You didn't know any spells.
Your spell library was empty.

Dungeon Overview and Level Annotations

Branches:
Dungeon (3/15)

Altars:
Ashenzari

Shops:
D:1 [


Innate Abilities, Weirdness & Mutations

You have a pair of horns on your head.
You reflexively headbutt those who attack you in melee.


Message History

You climb downwards.
There is a stone staircase leading up here.
Found a stone staircase leading up.
Found a stone staircase leading down.
An orc comes into view. It is wielding a +0 trident.
The orc shouts!
An orc is nearby!
An orc is nearby!
The orc barely misses you. The orc hits you with a +0 trident.
You slash the orc!
You kill the orc!
No target in view!
No target in view!
You now have 102 gold pieces (gained 13).
Things that are here:
a +0 trident; an orc corpse
Found 6 javelins.
An ice beast comes into view.
The ice beast moves out of view.
An ice beast is nearby!
Found a scroll labelled OTENEO BELUNAWN.
You hit the ice beast but do no damage. You headbutt the ice beast!
The ice beast is heavily wounded.
The ice beast hits you. The ice beast freezes you!
You closely miss the ice beast.
The ice beast is heavily wounded.
The ice beast hits you but does no damage.
You closely miss the ice beast.
The ice beast is heavily wounded.
The ice beast hits you but does no damage. x2
You closely miss the ice beast.
The ice beast is heavily wounded.
The ice beast hits you. The ice beast freezes you!
You barely miss the ice beast.
The ice beast is moderately wounded.
The ice beast hits you.
* * * LOW HITPOINT WARNING * * *
The ice beast freezes you!
You die...

#.. #........
### #........
#. . #........
#. .. #........
#. ...
#........ ##
..(.###........
......#Y.......
## #..@.....?.
#. ###.#######
#.. #...# ###
####.# ###.#
#.. ...... #.#
#.# ####.# #.##
#.# #.... #).##
#.# #.... ##..#
#.####.###
##.###.##......


You could see an ice beast.

Vanquished Creatures
  Jessica (D:2)
  2 adders (D:2)
  A ribbon worm (D:2)
  A dart slug (D:2)
  An orc (D:3)
  6 endoplasms
  3 giant cockroaches
  6 goblins
  2 hobgoblins (D:1)
  A quokka (D:1)
  5 ball pythons
  4 bats
  4 frilled lizards
  3 rats
40 creatures vanquished.

Notes
Turn   | Place    | Note
-------+----------+-------------------------------------------
     0 | D:1      | hawla the Minotaur Fighter began the quest for the Orb.
     0 | D:1      | Reached XP level 1. HP: 19/19 MP: 0/0
   150 | D:1      | Reached skill level 4 in Shields
   237 | D:1      | Found Pioth's Antique Armour Shoppe.
   248 | D:1      | Reached XP level 2. HP: 22/26 MP: 1/1
   988 | D:2      | Found a broken altar of Ashenzari.
  1024 | D:2      | Reached skill level 5 in Shields
  1032 | D:2      | Reached XP level 3. HP: 26/31 MP: 2/2
  1246 | D:2      | Noticed Jessica
  1248 | D:2      | Found a faded altar of an unknown god.
  1254 | D:2      | Killed Jessica
  1255 | D:2      | Reached XP level 4. HP: 28/39 MP: 3/3
  1758 | D:3      | Noticed an ice beast
  1766 | D:3      | Slain by an ice beast

Illustrated notes

Levels and vault maps discovered:
D:1:      minmay_arrival_split_and_join, layout_loops_ring, serial_shops, shop,
          minmay_misc_feat_ornament, minmay_hexomino_p4
D:2:      minmay_diamond_boxcup, layout_basic,
          hellmonk_ecumenical_altar_run_dry, basic_altar, minivault_27,
          uniq_jessica
D:3:      layout_basic, nicolae_overflow_quartered_altars, grunt_ministairs_11

Skill      XL: |  1  2  3 |
---------------+----------+-----
Shields        | 4 5 |  5.0
Axes           | 4 |  4.4
Fighting       | |  3.6
Armour         | |  3.6

Action                     |  1- 3 |  4- 6 || total
---------------------------+-------+-------++-------
  Melee: War axe           |   113 |    13 ||   126
         Headbutt          |    13 |     3 ||    16
    Use: Scroll            |     2 |       ||     2
   Stab: Distracted        |     1 |       ||     1
 Armour: Scale mail        |    85 |     8 ||    93
  Dodge: Dodged            |    45 |     4 ||    49
  Block: Buckler           |    28 |     1 ||    29
